AoeStats
← JAMTART

MegaRandom

505252684Analyzed
3v3 RM · 25d ago on Sep 8, 2026· 38m 46s· 6 players
Game mode
Random Map
Map size
Normal (6 player)
Population
200
Speed
Normal
Resources
Standard
Victory
Conquest
Starting age
Dark Age
Ending age
Imperial Age
RankedLock teamsTeams togetherTeam positionsShared explorationLock speedFull tech treeHidden civsTurbo modeCheats
Victory
Defeat
🇦🇹 Italians · Austria
909
+13
🇮🇪 Teutons · Ireland
893
+13
🇧🇪 Huns · Belgium
873
+14
🇬🇷 Franks · Greece
947
-17
🇺🇸 Burgundians · United States
857
-14
🇬🇧 Italians · United Kingdom
704
-9
wayneod
8:45 Loom
10:54 Feudal Age
11:24 Double-Bit Axe
11:36 Horse Collar
20:26 Castle Age
18:31 Gold Mining
19:47 Scale Mail Armor
20:40 Pikeman
22:20 Stone Mining
23:21 Wheelbarrow
23:46 Bow Saw
23:43 Fletching
29:01 Heavy Plow
33:32 Imperial Age
31:36 Forging
32:42 Bloodlines
33:39 Halberdier
35:26 Two-Man Saw
34:45 Town Watch
39:00 Crop Rotation
38:03 Cavalier
38:28 Capped Ram
EyesOfWar
9:37 Loom
11:32 Feudal Age
17:22 Castle Age
16:03 Double-Bit Axe
17:23 Scale Barding Armor
18:23 Horse Collar
18:51 Gold Mining
19:48 Husbandry
22:40 Wheelbarrow
22:15 Bow Saw
24:44 Bloodlines
26:20 Forging
27:13 Chain Barding Armor
29:03 Iron Casting
35:31 Imperial Age
33:10 Light Cavalry
35:59 Cavalier
38:17 Plate Barding Armor
(C) Destructo
10:24 Feudal Age
9:12 Loom
10:53 Double-Bit Axe
14:06 Fletching
15:56 Horse Collar
19:08 Padded Archer Armor
19:28 Gold Mining
22:35 Castle Age
22:46 Crossbowman
23:31 Thumb Ring
24:47 Heavy Plow
25:40 Bow Saw
25:51 Bodkin Arrow
35:44 Leather Archer Armor
36:36 Ballistics
36:27 Fortified Wall
39:38 Imperial Age
37:44 Wheelbarrow
39:24 Hand Cart
ltsmasher
0:35 Loom
7:06 Double-Bit Axe
10:09 Horse Collar
12:16 Feudal Age
19:21 Heavy Plow
20:00 Bow Saw
27:05 Castle Age
26:14 Forging
27:15 Light Cavalry
27:16 Cavalier
29:07 Pikeman
31:28 Elite Skirmisher
JAMTART
12:31 Feudal Age
15:13 Double-Bit Axe
15:27 Horse Collar
18:52 Man-at-Arms
29:18 Castle Age
29:51 Pikeman
29:52 Long Swordsman
30:33 Squires
30:20 Arson
31:36 Elite Skirmisher
33:08 Fletching
33:29 Forging
33:20 Padded Archer Armor
33:21 Scale Mail Armor
morignor13
10:57 Feudal Age
21:04 Castle Age
21:12 Forging
25:17 Scale Barding Armor
26:08 Husbandry
28:30 Fletching
29:14 Padded Archer Armor
30:04 Wheelbarrow
30:51 Chain Barding Armor
30:12 Elite Skirmisher
34:07 Ballistics
34:01 Light Cavalry
35:14 Bodkin Arrow
Connection lost

Rejoining the realm…

Still unreachable

The connection could not be restored.

Session expired

The server has moved on; the page needs a fresh start.